 Dungeon Crawl Stone Soup version 0.31-a0-996-g3b49de5836 (webtiles) character file.

Game seed: 4602929145061149989

214 GordonOverkill the Sneak (level 5, 0/28 HPs)
             Began as a Spriggan Delver on Nov 7, 2023.
             Slain by an iguana (13 damage)
             ... on level 4 of the Dungeon.
             The game lasted 00:09:23 (3473 turns).

GordonOverkill the Sneak (Spriggan Delver)          Turns: 3473, Time: 00:09:24

Health: 0/28       AC:  3    Str:  8    XL:     5   Next: 60%
Magic:  12/12      EV: 17    Int: 13    God:
Gold:   169        SH:  0    Dex: 17    Spells: 9/12 levels left

rFire   . . .        e - +1 dagger (venom)
rCold   . . .        (no shield)
rNeg    . . .        b - +0 robe
rPois   .            (helmet restricted)
rElec   .            v - +0 cloak
rCorr   .            (gloves unavailable)
SInv    +            (boots unavailable)
Will    .....        (no amulet)
Stlth   ++++         (no ring)
HPRegen 0.24/turn    (no ring)
MPRegen 0.13/turn

%: no passive effects
@: very quick
A: very small, no large weapons, unfitting armour, see invisible, speed 3
a: no special abilities


You were on level 4 of the Dungeon.
You visited 1 branch of the dungeon, and saw 7 of its levels.

You collected 169 gold pieces.

Inventory:

Hand Weapons
 e - a +1 dagger of venom (weapon)
 r - a +1 short sword of speed
 w - a +0 dagger of electrocution
Missiles
 o - a throwing net
Armour
 b - a +0 robe (worn)
 j - the +0 cloak "Qirhemas" {rC+ Str+6 Int-3}
   (You found it on level 6 of the Dungeon)

   Str+6:     It affects your strength (+6).
   Int-3:     It affects your intelligence (-3).
   rC+:       It protects you from cold.
 v - a +0 cloak (worn)
Talismans
 z - a dragon-blood talisman
Wands
 g - a wand of digging (2)
 k - a wand of roots (10)
Scrolls
 a - 2 scrolls of teleportation {unknown}
 c - a scroll of fog
 d - a scroll of revelation
 i - a scroll of identify {unknown}
 l - 2 scrolls of amnesia {unknown}
 p - 2 scrolls of vulnerability {unknown}
 q - 3 scrolls of enchant weapon {unknown}
 y - a scroll of immolation {unknown}
Potions
 f - a potion of haste
 h - a potion of invisibility {unknown}
 m - a potion of degeneration {unknown}
 n - 2 potions of curing {unknown}
 s - 2 potions of lignification {unknown}
 t - 2 potions of heal wounds {unknown}
 u - 2 potions of mutation {unknown}
 x - a potion of magic {unknown}


   Skills:
 - Level 3.0 Fighting
 - Level 3.0 Short Blades
 - Level 2.6 Dodging
 - Level 7.2 Stealth
 - Level 4.0 Spellcasting
 + Level 2.5 Translocations
 + Level 1.3 Fire Magic
 - Level 2.0 Evocations
 + Level 0.0 Shapeshifting


You had 9 spell levels left.
You knew the following spells:

 Your Spells              Type           Power      Damage    Failure   Level
a - Volatile Blastmotes   Fire/Tloc      14%        2d11      28%         3

Your spell library contained the following spells:

 Spells                   Type           Power      Damage    Failure   Level
 Manifold Assault         Tloc           9%         N/A       58%         4
 Iskenderun's Mystic Bla  Conj/Tloc      5%         2d3       77%         4
 Fulminant Prism          Conj/Hex       1%         3d5       90%         4
 Dispersal                Tloc           4%         N/A       100%        6
 Disjunction              Tloc           4%         N/A       100%        8


Dungeon Overview and Level Annotations

Branches:
Dungeon (7/15)
 Temple: D:4-7

Altars:


Innate Abilities, Weirdness & Mutations

You are very small and have problems with some larger weapons.
You are too small for most types of armour.
You have supernaturally acute eyesight. (SInv)
You cover ground extremely quickly. (Speed+++)


Message History

A white imp comes into view.
A white imp is nearby!
A white imp is nearby!
A white imp is nearby!
A white imp is nearby!
The white imp shouts!
You barely miss the white imp.
The white imp hits you but does no damage.
You closely miss the white imp.
The white imp summons a swarm of flies.
The white imp hits you. The white imp freezes you.
You barely miss the white imp.
The white imp hits you but does no damage.
You barely miss the white imp. The white imp completely misses you.
You hit the white imp but do no damage. The white imp closely misses you.
You hit the white imp.
The white imp is moderately wounded.
The white imp closely misses you.
You hit the white imp but do no damage.
The white imp is moderately wounded.
You hit the white imp but do no damage.
The white imp is moderately wounded.
The white imp closely misses you.
You barely miss the white imp.
The white imp is moderately wounded.
The white imp gestures at you. The puff of frost hits you!
* * * LOW HITPOINT WARNING * * *
You barely miss the white imp.
The white imp is moderately wounded.
The white imp hits you but does no damage.
You closely miss the white imp.
The white imp is moderately wounded.
The white imp hits you.
* * * LOW HITPOINT WARNING * * *
The white imp freezes you.
* * * LOW HITPOINT WARNING * * *
There is a stone staircase leading down here.
You climb downwards.
The iguana barely misses you. The iguana bites you!
You die...

...............##.............<..
........#.##...###......†.......#
........#.#...............l####..
....##..#.#.#.............## ...
........# ###.............. .#..
....# .## #......##.....##......
o...# #..............####..#
....# #..##l....####.## #...
>.... #####@...#####..####..
<.... #.#....##.#......... ...#
#......#..l..#....## ...#
###.......#..##...## ####
####..###...##.... #... ####
##..###... ..). ...#.##.# #..[
......... #### .......#


You could see an iguana.

Vanquished Creatures
  Crazy Yiuf (D:2)
  An iguana (D:6)
  3 gnolls (D:3)
  6 adders
  A worm (D:4)
  A dart slug (D:3)
  7 bats
  2 endoplasms
  6 giant cockroaches
  6 goblins
  4 hobgoblins
  2 jackals (D:4)
  11 kobolds
  7 quokkas
  3 ball pythons
  13 frilled lizards
  6 rats
80 creatures vanquished.

Notes
Turn   | Place    | Note
-------+----------+-------------------------------------------
     0 | D:5      | GordonOverkill the Spriggan Delver began the quest for the
                  | Orb.
     0 | D:5      | Reached XP level 1. HP: 11/11 MP: 2/2
     1 | D:5      | Noticed a hound
    19 | D:6      | Noticed a scorpion
    23 | D:6      | Noticed an orc wizard
    60 | D:5      | Noticed a scorpion
   117 | D:5      | Noticed an iguana
   120 | D:5      | Noticed an ice beast
   122 | D:5      | Noticed an ogre
   148 | D:5      | Noticed a hound
   197 | D:6      | Reached XP level 2. HP: 15/16 MP: 3/3
   199 | D:6      | Identified the +0 cloak "Qirhemas" {rC+ Str+6 Int-3}
   212 | D:6      | Reached skill level 1 in Spellcasting
   212 | D:6      | Reached XP level 3. HP: 20/20 MP: 3/6
   281 | D:7      | Noticed an ice beast
   317 | D:7      | Noticed a sky beast
   369 | D:6      | Noticed a gnoll sergeant
   883 | D:2      | Reached XP level 4. HP: 23/24 MP: 9/9
   984 | D:1      | Found a faded altar of an unknown god.
  1923 | D:2      | Learned a level 3 spell: Volatile Blastmotes
  2073 | D:2      | Reached skill level 1 in Evocations
  2419 | D:2      | Found a runed translucent door.
  2420 | D:2      | Noticed Crazy Yiuf
  2623 | D:2      | Killed Crazy Yiuf
  2624 | D:2      | Reached skill level 1 in Translocations
  2624 | D:2      | Reached XP level 5. HP: 7/28 MP: 12/12
  2961 | D:3      | Reached skill level 1 in Fire Magic
  3473 | D:4      | Slain by an iguana

Illustrated notes

Levels and vault maps discovered:
D:1:      tarquinn_simple_flora_water_c, layout_rooms, basic_ecumenical_altar,
          serial_corexii_hall, corexii_hall_statues_x, corexii_hall_statues_x,
          corexii_hall_statues_i, corexii_hall_statues_i,
          amcnicky_mini_corridor_feature, serial_park_tiny_2, minmay_lizard_king
D:2:      layout_basic, grunt_ministairs_13, grunt_decor_arrowhead,
          kennysheep_minor_cross, minmay_goblin_kobold_house,
          uniq_crazy_yiuf_cottage
D:3:      layout_loops_ring, mainiacjoe_overflow_alcove_1
D:4:      minmay_general_purpose_star, layout_cave_pools,
          gammafunk_temple_overflow_wave, minmay_small_thing
D:5:      layout_rooms, nicolae_letterblocks [nicolae_letter_subblock,
          nicolae_letter_subblock, nicolae_letter_subblock,
          nicolae_letter_subblock, nicolae_letter_subblock,
          nicolae_letter_subblock, nicolae_letter_subblock,
          nicolae_letter_subblock, nicolae_letter_subblock,
          nicolae_letter_subblock, nicolae_letter_subblock,
          nicolae_letter_subblock, nicolae_letter_subblock,
          nicolae_letter_subblock, nicolae_letter_subblock,
          nicolae_letter_subblock, nicolae_letter_subblock,
          nicolae_letter_subblock, nicolae_letter_subblock,
          nicolae_letter_subblock, nicolae_letter_subblock,
          nicolae_letter_subblock, nicolae_letter_subblock,
          nicolae_letter_subblock, nicolae_letter_subblock]
D:6:      layout_gridville, minmay_temple_entry_sparse_star, uniq_eustachio
D:7:      layout_loops_ring, minmay_manual_mullet

Skill      XL: |  1  2  3  4  5 |
---------------+----------------+-----
Fighting       | 3 |  3.0
Short Blades   | 3 |  3.0
Spellcasting   | 1 3 4 |  4.0
Evocations     | 2 |  2.0
Translocations | 1 2 |  2.5
Fire Magic     | 1 |  1.3
Dodging        | |  2.6
Stealth        | |  7.2

Action                     |  1- 3 |  4- 6 || total
---------------------------+-------+-------++-------
  Melee: Short sword       |    37 |       ||    37
         Dagger            |    11 |   163 ||   174
         Punch             |     1 |     1 ||     2
  Evoke: Wand              |     1 |       ||     1
    Use: Scroll            |     1 |       ||     1
   Stab: Sleeping          |    11 |    20 ||    31
 Armour: Robe              |    16 |    41 ||    57
  Dodge: Dodged            |    34 |   107 ||   141

Table legend: (Time is in decaauts)
 A = Elapsed time spent in this place.
 B = Non-inter-level travel time spent in this place.
 C = Inter-level travel time spent in this place.
 D = Time resting spent in this place.
 E = Time spent auto-exploring this place.
 F = Levels seen in this place.
 G = Mean time per level.
                   A        B        C        D        E       F      G
               +--------+--------+--------+--------+--------+-----+--------+
         Total |   2329 |   2215 |    114 |    197 |   1120 |   7 |  332.7 |
       Dungeon |   2329 |   2215 |    114 |    197 |   1120 |   7 |  332.7 |
               +--------+--------+--------+--------+--------+-----+--------+

Top non-repeatable levels by time:
     D:2: 901 daAuts
     D:3: 509 daAuts
     D:1: 468 daAuts
     D:4: 155 daAuts
     D:5: 134 daAuts
     D:7: 94 daAuts
     D:6: 66 daAuts
